 Dungeon Crawl Stone Soup version 0.27.1-4-g1640c2035a (webtiles) character file.

Game seed: 16111857108748167572

267 BinkBink the Caller (level 6, -1/32 HPs)
             Began as a Deep Elf Summoner on Nov 1, 2021.
             Shot with an arrow by a centaur (11 damage)
             ... on level 3 of the Dungeon.
             The game lasted 00:25:59 (4833 turns).

BinkBink the Caller (Deep Elf Summoner)             Turns: 4833, Time: 00:25:59

Health: -1/32      AC:  4    Str:  5    XL:     6   Next: 0%
Magic:  9/17       EV: 12    Int: 22    God:
Gold:   126        SH:  0    Dex: 15    Spells: 11/17 levels left

rFire    x . .     SeeInvis +   h - +5 scythe (holy)
rCold    + . .     Faith    .   (shield currently unavailable)
rNeg     . . .     Spirit   .   i - +1 robe
rPois    .         Reflect  .   (no helmet)
rElec    .         Harm     .   (no cloak)
rCorr    .         Rampage  .   (no gloves)
Will     .....                  e - +0 pair of boots
Stlth    ++........             (no amulet)
HPRegen  0.10/turn              f - ring of see invisible
MPRegen  0.15/turn              l - ring of ice

@: no status effects
A: no striking features
a: no special abilities


You were on level 3 of the Dungeon.
You visited 1 branch of the dungeon, and saw 3 of its levels.

You collected 126 gold pieces.

Inventory:

Hand Weapons
 g - a +2 dagger of venom
 h - a +5 scythe of holy wrath (weapon)
Armour
 e - a +0 pair of boots (worn)
 i - a +1 robe (worn)
Jewellery
 f - a ring of see invisible (left hand)
 l - a ring of ice (right hand)
Wands
 j - a wand of polymorph (2)
Scrolls
 b - 2 scrolls of teleportation {unknown}
 d - a scroll of enchant armour {unknown}
 o - a scroll of identify {unknown}
 p - a scroll of enchant weapon {unknown}
Potions
 a - a potion of brilliance {unknown}
 c - 3 potions of curing {unknown}
 k - a potion of lignification {unknown}
 m - a potion of invisibility {unknown}
 n - a potion of degeneration {unknown}


   Skills:
 + Level 2.4 Dodging
 + Level 2.8 Stealth
 + Level 6.0 Spellcasting
 + Level 6.5 Summonings


You had 11 spell levels left.
You knew the following spells:

 Your Spells              Type           Power      Damage    Failure   Level
a - Summon Small Mammal   Summ           100%       N/A       1%          1
b - Call Imp              Summ           35%        N/A       1%          2
c - Call Canine Familiar  Summ           35%        N/A       1%          3

Your spell library contained the following spells:

 Spells                   Type           Power      Damage    Failure   Level
 Summon Guardian Golem    Hex/Summ       20%        N/A       7%          3
 Summon Lightning Spire   Summ/Air       20%        N/A       24%         4
 Ozocubu's Armour         Ice            9%         N/A       26%         3
 Metabolic Englaciation   Hex/Ice        4%         N/A       94%         5
 Simulacrum               Ice/Necr       4%         N/A       100%        6


Dungeon Overview and Level Annotations

Branches:
Dungeon (3/15)

Altars:
Kikubaaqudgha


Message History

Your crimson imp blinks!
You swap places.
The centaur shoots an arrow.
The arrow hits your bat!
Your bat dies!
Your bat's corpse disappears in a puff of smoke!
The centaur shoots an arrow.
The arrow hits you!
Your crimson imp blinks!
You swap places.
What are your orders? t - Shout!
Orders for allies: a - Attack new target. r - Retreat! s - Stop attacking. g - Guard the area. f - Follow me.
Anything else - Cancel.
Gang up on whom?
Press: ? - help, Dir - move target, f - centaur
Aim: a centaur, wielding a +0 shortbow and quivering arrows Attack!
Your bat closely misses the centaur.
The centaur shoots an arrow.
The arrow closely misses your bat. The arrow hits you.
The centaur shoots an arrow.
The arrow hits your quokka!
Your quokka dies!
Your quokka's corpse disappears in a puff of smoke!
Your crimson imp blinks!
The centaur shoots an arrow.
The arrow completely misses your white imp.
The arrow hits you!
Your bat hits the centaur but does no damage.
The centaur unwields a +0 shortbow.
The centaur hits your white imp. The centaur kicks your white imp.
Your white imp gestures at the centaur.
The puff of frost hits the centaur.
Your hound closely misses the centaur.
The centaur wields a +0 shortbow.
The centaur shoots an arrow.
The arrow hits your white imp!
Your white imp dies!
Your crimson imp blinks!
Your hound bites the centaur.
The centaur shoots an arrow.
The arrow hits you.
Your bat hits the centaur but does no damage.
Your hound barely misses the centaur.
The centaur shoots an arrow.
The arrow hits you!
You die...

)## #......c..#
..######.........#
......###.......##
.####....#.....## .#
##.#c######### .#
#..h....ยง...# .##
##..b.......#
..########...5.....#
................@<.#
......####.........#
....>.## #...5[....#
.......###.........#
####...[.#.........#
##<.#...#########
##.......# #.#...#.#
# #.......##


You could see a centaur (ally target), a friendly hound (summoned), 2 friendly
crimson imps and a friendly bat (summoned).

Vanquished Creatures
  A bat (D:3)
1 creature vanquished.

Vanquished Creatures (collateral kills)
  Sigmund (D:2)
  An ice beast (D:3)
  2 orc priests (D:3)
  A bullfrog skeleton (D:3)
  Crazy Yiuf (D:2)
  Jessica (D:2)
  An orc wizard (D:2)
  2 adders
  A worm (D:2)
  A dart slug (D:1)
  5 orcs
  5 endoplasms
  2 giant cockroaches (D:1)
  7 hobgoblins
  4 jackals (D:1)
  3 quokkas
  11 ball pythons
  4 bats
  3 frilled lizards
  9 goblins
  8 rats
73 creatures vanquished.

Vanquished Creatures (others)
  An orc (D:3)
  5 fungi (D:2)
6 creatures vanquished.

Grand Total: 80 creatures vanquished

Notes
Turn   | Place    | Note
-------+----------+-------------------------------------------
     0 | D:1      | BinkBink the Deep Elf Summoner began the quest for the Orb.
     0 | D:1      | Reached XP level 1. HP: 10/10 MP: 6/6
   715 | D:1      | Reached XP level 2. HP: 15/15 MP: 4/8
  1258 | D:1      | Found a faded altar of an unknown god.
  1396 | D:1      | Learned a level 2 spell: Call Imp
  1853 | D:2      | Noticed Sigmund
  1866 | D:2      | Killed Sigmund
  1867 | D:2      | Reached skill level 5 in Spellcasting
  1867 | D:2      | Reached skill level 5 in Summonings
  1867 | D:2      | Reached XP level 3. HP: 19/19 MP: 2/11
  1867 | D:2      | Reached XP level 4. HP: 24/24 MP: 2/13
  2011 | D:2      | Noticed Jessica
  2014 | D:2      | Killed Jessica
  2232 | D:2      | Reached XP level 5. HP: 28/28 MP: 14/14
  2717 | D:2      | Found a runed translucent door.
  2718 | D:2      | Noticed Crazy Yiuf
  2781 | D:2      | Killed Crazy Yiuf
  3088 | D:3      | Noticed a centaur
  3423 | D:3      | Found an ancient bone altar of Kikubaaqudgha.
  3842 | D:2      | Learned a level 3 spell: Call Canine Familiar
  4500 | D:3      | Noticed an ice beast
  4521 | D:3      | Killed an ice beast
  4612 | D:3      | Reached XP level 6. HP: 32/32 MP: 15/17
  4833 | D:3      | Shot with an arrow by a centaur

Illustrated notes

Levels and vault maps discovered:
D:1:      dpeg_chamrin_arrival_tetris, layout_basic,
          hellmonk_ecumenical_altar_arch_garden
D:2:      layout_basic, uniq_sigmund, uniq_crazy_yiuf_cottage, uniq_jessica
D:3:      layout_rooms, mainiacjoe_overflow_alcove_4

Skill      XL: |  1  2  3  4  5 |
---------------+----------------+-----
Spellcasting   | 5 6 |  6.0
Summonings     | 5 6 |  6.5
Dodging        | |  2.4
Stealth        | |  2.8

Action                   |  1- 3 |  4- 6 || total
-------------------------+-------+-------++-------
Melee: Unarmed           |     1 |     1 ||     2
       Scythe            |       |     1 ||     1
 Cast: Summon Small Mamm |    72 |    72 ||   144
       Call Imp          |     2 |    24 ||    26
       Call Canine Famil |       |     7 ||     7
Armor: Robe              |     3 |     6 ||     9
Dodge: Dodged            |     6 |    23 ||    29
